 Dungeon Crawl Stone Soup version 0.29.1-4-g47bece8355 (webtiles) character file.

Game seed: 14678214589750874285

292 fishmans the Cleaver (level 6, -6/51 HPs)
             Began as a Minotaur Berserker on Dec 1, 2022.
             Was a Believer of Trog.
             Mangled by a gnoll bouda
             ... wielding a +0 whip
              (11 damage)
             ... on level 5 of the Dungeon.
             The game lasted 00:26:29 (5655 turns).

fishmans the Cleaver (Minotaur Berserker)           Turns: 5655, Time: 00:26:30

Health: -6/51      AC:  5    Str: 23    XL:     6   Next: 10%
Magic:  5/5        EV: 11    Int:  4    God:    Trog [**....]
Gold:   275        SH:  0    Dex: 10    Spells: 5/5 levels left

rFire   . . .      SeeInvis .   p - +0 battleaxe
rCold   + . .      Faith    .   (shield currently unavailable)
rNeg    . . .      Spirit   .   o - +0 ring mail
rPois   .          Reflect  .   (helmet restricted)
rElec   .          Harm     .   (no cloak)
rCorr   .          Rampage  .   (no gloves)
Will    .....                   (no boots)
Stlth   ..........              (no amulet)
HPRegen 0.17/turn               f - ring of protection from cold
MPRegen 0.09/turn               (no ring)

@: weakened
A: horns 2, retaliatory headbutt
a: Renounce Religion, Berserk, Trog's Hand


You were on level 5 of the Dungeon.
You worshipped Trog.
Trog was pleased with you.
You visited 1 branch of the dungeon, and saw 5 of its levels.

You collected 275 gold pieces.

Inventory:

Hand Weapons
 a - a +1 hand axe
 g - a +0 great mace
 p - a +0 battleaxe (weapon)
 z - a +0 war axe
 A - a +0 morningstar
 B - a +0 trident
 C - a +0 falchion of electrocution
Armour
 b - a +0 animal skin
 d - a +0 leather armour
 o - a +0 ring mail (worn)
 v - a +0 buckler
Jewellery
 f - a ring of protection from cold (left hand)
 y - an amulet of reflection
Scrolls
 h - a scroll of blinking
 k - 2 scrolls of teleportation
 m - a scroll of noise
 t - 2 scrolls of identify
 u - a scroll of enchant weapon
 w - a scroll of fear
Potions
 c - 2 potions of resistance {unknown}
 e - a potion of lignification
 i - 4 potions of curing
 j - 3 potions of heal wounds
 l - a potion of might {unknown}
 n - 2 potions of degeneration {unknown}
 q - a potion of haste {unknown}
 r - a potion of attraction {unknown}
 s - a potion of invisibility {unknown}
 x - 2 potions of flight {unknown}


   Skills:
 - Level 3.6 Fighting
 + Level 8.3 Axes
 - Level 2.4 Armour
 - Level 2.1 Dodging


You had 5 spell levels left.
You didn't know any spells.
Your spell library contained the following spells:

 Spells                   Type           Power      Damage    Failure   Level
 Inner Flame              Hex/Fire       0%         N/A       95%         3
 Cause Fear               Hex            0%         N/A       100%        4
 Discord                  Hex            0%         N/A       100%        8


Dungeon Overview and Level Annotations

Branches:
Dungeon (5/15)
 Temple: D:4-7

Altars:
Dithmenos
Nemelex Xobeh


Innate Abilities, Weirdness & Mutations

You have a pair of horns on your head.
You reflexively headbutt those who attack you in melee.


Message History

The gnoll hits you with a +2 whip of draining.
You feel drained.
You slash the gnoll!
You kill the gnoll!
Trog accepts your kill.
Your life force feels restored.
You start resting.
A gnoll bouda comes into view. It is wielding a +0 whip.
The gnoll bouda shouts!
The gnoll bouda gazes fiercely through you!
You feel your attacks grow feeble.
A gnoll comes into view. It is wielding a +0 halberd.
The gnoll bouda barks out a call to the hunt!
Your attacks no longer feel as feeble.
The gnoll bouda gazes fiercely through you!
You feel your attacks grow feeble.
A gnoll comes into view. It is wielding a +0 whip.
The gnoll barely misses you.
The gnoll bouda attacks as you move away!
The gnoll bouda closely misses you.
The gnoll bouda attacks as you move away!
The gnoll bouda hits you but does no damage.
The gnoll shouts!
The gnoll misses you. The gnoll bouda barely misses you.
Your attacks no longer feel as feeble.
The gnoll bouda gazes fiercely through you!
You feel your attacks grow feeble. The gnoll misses you.
The gnoll bouda gazes fiercely through you!
You feel as though you will be weak longer.
The gnoll bouda hits you with a +0 whip!
The gnoll hits you from afar with a +0 halberd!
* * * LOW HITPOINT WARNING * * *
The gnoll hits you from afar with a +0 halberd.
* * * LOW HITPOINT WARNING * * *
Things that are here:
a +0 ring mail; a +0 leather armour; an orc skeleton The gnoll bouda attacks as you move away!
The gnoll bouda hits you with a +0 whip!
You die...

...# #........))#
####.#####.........#.......
...................##.###..
#...............# ...
#.##.###.......## .##
#.##.###.#....## .8
#.##........g..# .⌠
#.######÷##g...# ### ##.##
#...@g...#
#...####.)#######
#.........#######
#...#####.)..)<)# #####
#########


You could see a gnoll bouda and 2 gnolls.

Vanquished Creatures
  A hound (D:5)
  A jelly (D:4)
  An orc priest (D:5)
  2 iguanas (D:4)
  2 gnolls (D:5)
  3 adders
  An ufetubus (D:4)
  3 worms
  3 dart slugs
  11 orcs
  8 endoplasms
  3 giant cockroaches
  11 goblins
  4 hobgoblins
  2 jackals (D:1)
  6 kobolds
  A quokka (D:4)
  6 ball pythons
  2 bats (D:1)
  3 frilled lizards
  A rat (D:1)
75 creatures vanquished.

Notes
Turn   | Place    | Note
-------+----------+-------------------------------------------
     0 | D:1      | fishmans the Minotaur Berserker began the quest for the
                  | Orb.
     0 | D:1      | Reached XP level 1. HP: 19/19 MP: 0/0
   102 | D:1      | Found a faded altar of an unknown god.
   404 | D:1      | Reached skill level 4 in Axes
   677 | D:1      | Reached XP level 2. HP: 25/26 MP: 1/1
  1906 | D:2      | Reached skill level 5 in Axes
  2045 | D:2      | Reached XP level 3. HP: 26/31 MP: 2/2
  3383 | D:3      | Found a sparkling altar of Nemelex Xobeh.
  3534 | D:3      | Reached skill level 6 in Axes
  3534 | D:3      | Reached XP level 4. HP: 34/39 MP: 3/3
  4066 | D:4      | Found a shadowy altar of Dithmenos.
  4448 | D:4      | Reached skill level 7 in Axes
  4448 | D:4      | Reached XP level 5. HP: 39/45 MP: 4/4
  4459 | D:4      | Identified the +0 leather armour "Vaanest" {rC+}
  5072 | D:5      | Entered Level 5 of the Dungeon
  5202 | D:5      | Reached ** piety under Trog
  5474 | D:5      | Reached skill level 8 in Axes
  5533 | D:5      | Reached XP level 6. HP: 50/51 MP: 5/5
  5655 | D:5      | Mangled by a gnoll bouda

Illustrated notes

Levels and vault maps discovered:
D:1:      minmay_arrival_stair_chambers, layout_basic,
          hellmonk_ecumenical_altar_leap_of_faith
D:2:      layout_loops_corners, serial_glass, glass_columns_b, glass_columns_b,
          glass_columns_a, glass_columns_a, glass_columns_b, glass_columns_c,
          minmay_hedge_maze, grunt_decor_cap, minivault_5,
          kennysheep_big_empty_room
D:3:      layout_loops_corners, nemelex_xobeh_ov_fountains_minmay
D:4:      layout_loops_cross, grunt_dithmenos_smoke_and_mirrors,
          corexii_hall_statues_deadend
D:5:      layout_loops_ring, ashenzari_altar_1, bloody_trog, minitemple,
          portal_sewer_entry_d

Skill      XL: |  1  2  3  4  5 |
---------------+----------------+-----
Axes           | 4 5 6 7 8 |  8.3
Fighting       | |  3.6
Armour         | |  2.4
Dodging        | |  2.1

Action                   |  1- 3 |  4- 6 || total
-------------------------+-------+-------++-------
Melee: Hand axe          |    72 |       ||    72
       Headbutt          |     7 |    10 ||    17
       Punch             |     1 |       ||     1
       Battleaxe         |    21 |    74 ||    95
  Use: Scroll            |     8 |     4 ||    12
Armor: Leather armour    |    16 |       ||    16
       Animal skin       |     2 |       ||     2
       Ring mail         |    11 |    33 ||    44
Dodge: Dodged            |    55 |    67 ||   122
